 Dungeon Crawl Stone Soup version 0.31-a0-355-g57cb03d3e8 (webtiles) character file.

Game seed: 13186694138124384444

142 Newt the Changeling (level 5, -7/38 (42) HPs)
             Began as a Merfolk Shapeshifter on July 24, 2023.
             Mangled by a wight
             ... wielding a +4 war axe
              (17 damage)
             ... on level 4 of the Dungeon.
             The game lasted 00:03:12 (2777 turns).

Newt the Changeling (Merfolk Shapeshifter)          Turns: 2777, Time: 00:03:14

HP:   -7/38 (42)    AC:  2    Str: 24    XL:     5   Next: 24%
MP:   5/5           EV: 17    Int:  7    God:
Gold: 186           SH:  0    Dex: 14    Spells: 4/4 levels left

rFire   . . .        h - +1 long sword (drain)
rCold   . . .        (no shield)
rNeg    . . .        a - +0 animal skin
rPois   .            (helmet currently unavailable)
rElec   .            (cloak currently unavailable)
rCorr   .            (gloves currently unavailable)
SInv    .            (boots currently unavailable)
Will    .....        (no amulet)
Stlth   +            f - +5 ring of evasion
HPRegen 0.26/turn    l - +6 ring of strength
MPRegen 0.09/turn

%: no passive effects
@: beast-form, drained
A: beast (slay +3), (nimble swimmer 2), mertail
a: Begin Untransformation


You were on level 4 of the Dungeon.
You were a hulking beast.
You visited 1 branch of the dungeon, and saw 4 of its levels.

You collected 186 gold pieces.

Inventory:

Hand Weapons
 h - a +1 long sword of draining (weapon)
Missiles
 p - 3 boomerangs
 s - a throwing net
Armour
 a - a +0 animal skin (worn)
 y - a +2 pair of boots
Jewellery
 f - a +5 ring of evasion (left hand)
 l - a +6 ring of strength (right hand)
 o - a +4 ring of protection
 r - a ring of positive energy
 u - a ring of flight
 z - a ring of see invisible
Talismans
 c - a beast talisman
Wands
 n - a wand of polymorph (7)
Scrolls
 q - 4 scrolls of identify
 t - a scroll of fear {unknown}
 v - a scroll of noise {unknown}
 A - a scroll of teleportation
Potions
 b - 2 potions of lignification
 d - 3 potions of heal wounds {unknown}
 e - a potion of might
 g - a potion of curing {unknown}
 i - a potion of invisibility {unknown}
 j - 2 potions of ambrosia {unknown}
 k - a potion of haste {unknown}
 m - a potion of berserk rage {unknown}
 w - a potion of enlightenment {unknown}
 x - a potion of cancellation {unknown}


   Skills:
 - Level 4.0 Fighting
 - Level 3.0 Long Blades
 - Level 2.6 Dodging
 - Level 3.2 Unarmed Combat
 + Level 4.5 Shapeshifting


You had 4 spell levels left.
You didn't know any spells.
Your spell library was empty.

Dungeon Overview and Level Annotations

Branches:
Dungeon (4/15)
 Temple: D:4-7

Altars:
Hepliaklqana


Innate Abilities, Weirdness & Mutations

You are a hulking beast.
Your limbs bulge with bestial killing power. (Slay +3)
((You are very nimble when in or above water. (Stealth+, EV+, Speed+++)))
Your lower body shifts to a powerful aquatic tail in water.


Message History

Found a stone staircase leading up.
z - a ring of see invisible A ball python comes into view.
A ball python is nearby!
A ball python is nearby!
Found a ring mail.
The ball python hisses angrily.
An adder comes into view.
The adder hisses angrily.
The ball python closely misses you. The ball python grabs you.
The ball python constricts you.
You slash the ball python!
You kill the ball python!
Found a scroll of teleportation.
The adder bites you.
An adder is nearby!
You slash the adder! You drain the adder.
You kill the adder!
No target in view!
No target in view!
No target in view!
A - a scroll of teleportation
Found a ring mail.
You see here a +0 ring mail. 3 wights come into view.
A wight is wielding a +1 halberd of venom.
The wight moves out of view. x2
The wight hits you with a +4 war axe!
You feel drained.
You hit the wight.
The wight is moderately damaged.
The wight closely misses you. The wight misses you.
There are monsters nearby!
You hit the wight.
The wight is lightly damaged.
The wight hits you from afar with a +1 halberd of venom!
You feel drained.
* * * LOW HITPOINT WARNING * * *
The wight misses you.
Unknown command.
The wight attacks as you move away! The wight hits you with a +4 war axe!
You die...

###.# #.## #..##
##..## ##..#######.
#####..........
#........###### #
#......#.[....#.#
#...##.######hz.#
#...##.# ##z.#
######.# .z.# #.#
#.... #.## ........
#..####..##....#
#### ##.#....#
###.# ...## #...#
#.# ....##
##..#########.#####


You could see 3 wights.

Vanquished Creatures
  A sleepcap (D:4)
  4 adders
  3 dart slugs
  2 worms
  5 orcs
  7 endoplasms
  4 giant cockroaches
  4 goblins
  6 hobgoblins
  4 jackals (D:2)
  2 kobolds
  2 quokkas (D:3)
  7 ball pythons
  3 bats (D:1)
  4 frilled lizards
  A rat (D:1)
59 creatures vanquished.

Notes
Turn   | Place    | Note
-------+----------+-------------------------------------------
     0 | D:1      | Newt the Merfolk Shapeshifter began the quest for the Orb.
     0 | D:1      | Reached XP level 1. HP: 15/15 MP: 1/1
   166 | D:1      | Reached XP level 2. HP: 22/22 MP: 2/2
   823 | D:1      | Reached XP level 3. HP: 29/29 MP: 3/3
   967 | D:2      | Found a faded altar of an unknown god.
  1505 | D:3      | Found a hazy altar of Hepliaklqana.
  1636 | D:3      | Reached XP level 4. HP: 18/37 MP: 4/4
  1638 | D:3      | Reached skill level 1 in Long Blades
  2648 | D:4      | Reached XP level 5. HP: 40/42 MP: 5/5
  2777 | D:4      | Mangled by a wight

Illustrated notes

Levels and vault maps discovered:
D:1:      sevenhm_arrival_forest_fort_small_3, layout_basic,
          hangedman_glass_teeth
D:2:      layout_rooms, hellmonk_ecumenical_altar_crossroads
D:3:      layout_loops_ring, overflow_temple_1_default, minmay_misc_feat_tower,
          minmay_misc_feat_five
D:4:      layout_rooms

Skill      XL: |  1  2  3  4 |
---------------+-------------+-----
Fighting       | 2 3 4 |  4.0
Long Blades    | 3 |  3.0
Dodging        | |  2.6
Unarmed Combat | |  3.2
Shapeshifting  | |  4.5

Action                     |  1- 3 |  4- 6 || total
---------------------------+-------+-------++-------
  Melee: Unarmed           |    18 |       ||    18
         Long sword        |    58 |    47 ||   105
    Use: Scroll            |     7 |     1 ||     8
   Stab: Sleeping          |     3 |     1 ||     4
 Armour: Animal skin       |    10 |     1 ||    11
  Dodge: Dodged            |    87 |    41 ||   128

Table legend: (Time is in decaauts)
 A = Elapsed time spent in this place.
 B = Non-inter-level travel time spent in this place.
 C = Inter-level travel time spent in this place.
 D = Time resting spent in this place.
 E = Time spent auto-exploring this place.
 F = Levels seen in this place.
 G = Mean time per level.
                   A        B        C        D        E       F      G
               +--------+--------+--------+--------+--------+-----+--------+
         Total |   2810 |   2705 |    105 |    313 |   1999 |   4 |  702.5 |
       Dungeon |   2810 |   2705 |    105 |    313 |   1999 |   4 |  702.5 |
               +--------+--------+--------+--------+--------+-----+--------+

Top non-repeatable levels by time:
     D:3: 1115 daAuts
     D:1: 876 daAuts
     D:2: 640 daAuts
     D:4: 178 daAuts
